 Dungeon Crawl Stone Soup version 0.23.2-1-ga50397a6bc (webtiles) character file.

Game seed: 10199620665239796657

1381 MisterOstroum the Magician (level 8, -21/62 HPs)
             Began as a Demonspawn Wizard on May 21, 2019.
             Was an Initiate of Vehumet.
             Demolished by an ogre
             ... wielding a +0 giant club
              (25 damage)
             ... on level 6 of the Dungeon.
             The game lasted 00:22:41 (8574 turns).

MisterOstroum the Magician (Demonspawn Wizard)      Turns: 8574, Time: 00:22:41

Health: -21/62     AC:  9    Str:  7    XL:     8   Next: 39%
Magic:  11/15      EV: 13    Int: 21    God:    Vehumet [......]
Gold:   282        SH:  0    Dex: 13    Spells: 4/17 levels left

rFire    . . .     SeeInvis .   d - +1 dagger (venom)
rCold    . . .     Gourm    .   (no shield)
rNeg     . . .     Faith    .   a - +0 robe
rPois    .         Spirit   .   g - +2 helmet
rElec    .         Reflect  .   k - +0 cloak
rCorr    .         Harm     .   y - +0 pair of gloves
MR       .....                  (no boots)
Stlth    ++++......             (no amulet)
HPRegen  0.20/turn              (no ring)
MPRegen  0.14/turn              (no ring)

@: lethally poisoned (-21 -> -24)
A: hooves 1, thin metallic scales 1, nightstalker 2
a: Renounce Religion


You were on level 6 of the Dungeon.
You worshipped Vehumet.
Vehumet was noncommittal.
You were not hungry.

You visited 2 branches of the dungeon, and saw 7 of its levels.

You collected 282 gold pieces.

Inventory:

Hand Weapons
 d - a +1 dagger of venom (weapon)
 f - a +0 spear
 r - a +0 hunting sling
 t - a +1 dagger of pain
Missiles
 j - 161 stones (quivered)
Armour
 a - a +0 robe (worn)
 g - a +2 helmet (worn)
 k - a +0 cloak (worn)
 m - a +0 ring mail of fire resistance
 p - a cursed +0 buckler
 y - a +0 pair of gloves (worn)
Jewellery
 D - an uncursed amulet of rage {unknown}
Scrolls
 c - 8 scrolls of identify {unknown}
 h - 3 scrolls of immolation {unknown}
 l - 2 scrolls of enchant weapon {unknown}
 n - a scroll of blinking {unknown}
 o - 3 scrolls of teleportation {unknown}
 q - a scroll of remove curse {unknown}
 s - a scroll of amnesia {unknown}
 x - a scroll of fog {unknown}
Potions
 b - 2 potions of heal wounds {unknown}
 i - a potion of cancellation {unknown}
 u - 2 potions of might {@q3 !q}
 v - a potion of magic {unknown}
 w - a potion of lignification {unknown}
 z - 4 potions of degeneration {unknown}
 B - a potion of agility {unknown}
 C - a potion of ambrosia {unknown}
Comestibles
 e - 5 rations


   Skills:
 - Level 5.0 Fighting
 + Level 3.6 Dodging
 - Level 1.7 Stealth
 + Level 3.4 Shields
 - Level 5.0 Spellcasting
 - Level 5.0 Conjurations
 - Level 1.0 Summonings
 - Level 2.0 Translocations


You had 4 spell levels left.
You knew the following spells:

 Your Spells              Type           Power        Failure   Level  Hunger
a - Magic Dart            Conj           ####         1%          1    None
b - Blink                 Tloc           N/A          7%          2    None
c - Slow                  Hex            #.......     16%         2    None
d - Call Imp              Summ           #.......     11%         2    None
e - Conjure Flame         Conj/Fire      ###.....     12%         3    ##.....
f - Mephitic Cloud        Conj/Pois/Air  ##......     16%         3    ##.....

Your spell library contained the following spells:

 Spells                   Type           Power        Failure   Level  Hunger


Dungeon Overview and Level Annotations

Branches:
Dungeon (6/15)             Temple (1/1) D:5

Altars:
Ashenzari
Cheibriados
Dithmenos
Elyvilon
Fedhas
Gozag
Hepliaklqana
Kikubaaqudgha
Makhleb
Nemelex Xobeh
Okawaru
Qazlal
Ru
Sif Muna
Trog
Uskayaw
Vehumet
Wu Jian
Xom
Yredelemnul
Zin
The Shining One


Innate Abilities, Weirdness & Mutations

You have large cloven feet.
You are partially covered in thin metallic scales. (AC +2)
You are significantly more attuned to the shadows.


Message History

Your crimson imp completely misses the gnoll.
The gnoll hits you with a +0 flail.
You barely miss the gnoll.
The gnoll is severely wounded.
The ogre closely misses your crimson imp.
The gnoll hits you from afar with a +2 halberd of venom.
You are poisoned.
Your crimson imp hits the gnoll.
The gnoll barely misses your crimson imp.
Your crimson imp misses the gnoll.
You feel sick.
The ogre misses something.
Your crimson imp hits the gnoll.
The gnoll hits something with a +0 whip.
You hit the gnoll.
You kill the gnoll!
Vehumet accepts your kill.
You feel sick. The gnoll closely misses you.
The ogre hits something with a +0 giant club!!
Your crimson imp barely misses the gnoll.
You feel sick.
Your crimson imp blinks!
Casting: Call Imp (safe; 11% risk of failure)
Confirm with . or Enter, or press ? or * to list all spells.
A beastly little devil appears in a puff of frigid air.
The gnoll hits you from afar with a +2 halberd of venom.
You are more poisoned.
Your crimson imp blinks!
You feel sick.
You feel sick.
You feel sick.
You feel sick.
Your crimson imp disappears in a puff of smoke!
Your white imp hits the gnoll.
Your white imp freezes the gnoll.
You feel sick.
You feel sick.
Your white imp barely misses the gnoll.
The ogre hits your white imp with a +0 giant club!
Your white imp dies!
You feel sick.
Casting: Call Imp (safe; 11% risk of failure)
Confirm with . or Enter, or press ? or * to list all spells.
A beastly little devil appears in a puff of flame.
The gnoll misses you.
You feel sick.
You feel sick.
Your crimson imp blinks!
You feel sick.
The gnoll hits you with a +2 halberd of venom!
You are more poisoned.
You barely miss the gnoll.
The gnoll is moderately wounded.
You feel sick. The gnoll completely misses you.
Your crimson imp hits the gnoll but does no damage.
You closely miss the gnoll.
The gnoll is moderately wounded.
You feel sick.
Your crimson imp closely misses the gnoll.
You hit the gnoll. Your kick misses the gnoll.
The gnoll is moderately wounded.
You feel sick. The gnoll closely misses you.
Your crimson imp blinks!
The ogre hits you with a +0 giant club.
* * * LOW HITPOINT WARNING * * *
Your magical contamination has completely faded away.
You feel sick. The gnoll closely misses you.
Really quaff
A - a potion of curing {@q1 !q}?
You feel better.
The gnoll hits you with a +2 halberd of venom.
* * * LOW HITPOINT WARNING * * *
You are poisoned.
You closely miss the gnoll. Your kick misses the gnoll.
The gnoll is moderately wounded.
You feel sick.
Your crimson imp hits the gnoll.
The ogre closely misses you. The gnoll misses you.
You feel sick.
Your crimson imp closely misses the gnoll.
The gnoll hits you but does no damage.
You are more poisoned.
* * * LOW HITPOINT WARNING * * *
You feel sick.
* * * LOW HITPOINT WARNING * * *
You feel sick.
* * * LOW HITPOINT WARNING * * *
You feel sick.
* * * LOW HITPOINT WARNING * * *
You feel sick.
* * * LOW HITPOINT WARNING * * *
You feel sick.
The gnoll hits your crimson imp with a +2 halberd of venom.
* * * LOW HITPOINT WARNING * * *
You feel sick.
* * * LOW HITPOINT WARNING * * *
You feel sick.
* * * LOW HITPOINT WARNING * * *
You feel sick.
* * * LOW HITPOINT WARNING * * *
You feel sick.
Your crimson imp blinks!
* * * LOW HITPOINT WARNING * * *
You feel sick.
The ogre hits you with a +0 giant club!!
You die...

#.........#
###.###...##.......
#☼....#...## .....##
###.....#>...###.....##
#...._...........5..).#.
#.#.....##..............
#.#§...(#...##§##.).(O..
##.###.###...##.##.##5..#
##.......@...........#..##
#...5...O##.#.....#....§#
#.......#####....##..##..
#......g#####..#.#...#...
#.......##..#..#.........
##......##........#....##.
#......§#......####.......
#......##..5.....##........
#...........#g..............


You could see an ogre, a gnoll and a friendly crimson imp.

Vanquished Creatures
  An ice beast (D:6)
  An orc warrior (D:5)
  2 sky beasts
  2 ogres (D:5)
  A centaur (D:5)
  A gnoll sergeant (D:6)
  A scorpion (D:4)
  2 howler monkeys (D:5)
  2 hounds
  A bullfrog skeleton (D:4)
  An orc wizard (D:5)
  2 orc priests
  An iguana (D:5)
  5 worker ants
  A hound skeleton (D:5)
  3 gnolls (D:6)
  6 adders
  A shadow imp (D:6)
  2 worms (D:2)
  An adder skeleton (D:5)
  An adder zombie (D:5)
  5 dart slugs
  4 leopard geckos
  15 orcs
  A ball python (D:3)
  5 giant cockroaches
  5 hobgoblins
  7 jackals
  2 quokkas
  7 bats
  6 frilled lizards
  13 goblins
  5 kobolds
  A leopard gecko skeleton (D:4)
  6 rats
120 creatures vanquished.

Vanquished Creatures (collateral kills)
  A gnoll (D:6)
1 creature vanquished.

Vanquished Creatures (others)
  A phantom (D:6)
1 creature vanquished.

Grand Total: 122 creatures vanquished

Notes
Turn   | Place    | Note
-------+----------+-------------------------------------------
     0 | D:1      | MisterOstroum the Demonspawn Wizard began the quest for the
                  | Orb.
     0 | D:1      | Reached XP level 1. HP: 13/13 MP: 4/4
   366 | D:1      | Gained mutation: You are partially covered in thin metallic
                  | scales. (AC +2) [demonic ancestry]
   366 | D:1      | Reached XP level 2. HP: 20/20 MP: 0/6
   611 | D:1      | Reached skill level 1 in Fighting
   697 | D:1      | Learned a level 2 spell: Blink
   882 | D:2      | Reached skill level 1 in Translocations
  1083 | D:2      | Gained mutation: You are slightly more attuned to the
                  | shadows. [demonic ancestry]
  1083 | D:2      | Reached XP level 3. HP: 17/26 MP: 1/7
  1376 | D:2      | Found a faded altar of an unknown god.
  1928 | D:2      | You fall through a shaft for 2 floors!
  2113 | D:3      | You fall through a shaft for 2 floors!
  2113 | D:5      | Entered Level 5 of the Dungeon
  2114 | D:5      | Noticed an ogre
  2190 | D:5      | Reached XP level 4. HP: 30/33 MP: 0/9
  2213 | D:5      | Noticed an ogre
  2528 | D:4      | Reached XP level 5. HP: 31/38 MP: 10/10
  2942 | D:4      | Found a bloodstained altar of Trog.
  3695 | D:3      | Learned a level 2 spell: Slow
  3702 | D:3      | Reached XP level 6. HP: 46/46 MP: 6/12
  5163 | D:5      | Noticed an orc warrior
  5473 | D:5      | Gained mutation: You are significantly more attuned to the
                  | shadows. [demonic ancestry]
  5473 | D:5      | Reached XP level 7. HP: 28/53 MP: 11/14
  5718 | D:5      | Reached skill level 5 in Spellcasting
  5977 | D:5      | Learned a level 2 spell: Call Imp
  5981 | D:5      | Learned a level 3 spell: Conjure Flame
  5985 | D:5      | Learned a level 3 spell: Mephitic Cloud
  6281 | D:5      | Reached skill level 1 in Shields
  6879 | D:5      | Reached skill level 5 in Conjurations
  7258 | D:5      | Found a staircase to the Ecumenical Temple.
  7290 | Temple   | Entered the Ecumenical Temple
  7656 | Temple   | Became a worshipper of Vehumet
  7711 | D:6      | Gained mutation: You have large cloven feet. [demonic
                  | ancestry]
  7711 | D:6      | Reached XP level 8. HP: 55/61 MP: 11/15
  7765 | D:6      | Reached skill level 5 in Fighting
  8359 | D:6      | Found a stormy altar of Qazlal.
  8574 | D:6      | Demolished by an ogre

Skill      XL: |  1  2  3  4  5  6  7  8 |
---------------+-------------------------+-----
Fighting       | 1 2 3 4 5 |  5.0
Translocations | 1 2 |  2.0
Conjurations   | 2 3 4 5 |  5.0
Spellcasting   | 4 5 |  5.0
Shields        | 2 3 |  3.4
Dodging        | 2 3 |  3.6
Stealth        | |  1.7
Summonings     | |  1.0

Action                   |  1- 3 |  4- 6 |  7- 9 || total
-------------------------+-------+-------+-------++-------
Melee: Spear             |   101 |    46 |       ||   147
       Dagger            |       |    52 |   104 ||   156
       Kick              |       |       |    11 ||    11
Throw: Stone             |    15 |    21 |    24 ||    60
 Cast: Magic Dart        |    66 |   163 |    75 ||   304
       Blink             |     4 |     6 |       ||    10
       Slow              |       |       |     5 ||     5
       Conjure Flame     |       |       |     2 ||     2
       Call Imp          |       |       |    11 ||    11
  Use: Potion            |       |     1 |     1 ||     2
 Stab: Sleeping          |     2 |       |     1 ||     3
  Eat: Chunk             |     4 |    10 |     7 ||    21
       Ration            |       |       |     1 ||     1
Armor: Robe              |    28 |    50 |    32 ||   110
Dodge: Dodged            |    59 |    90 |    85 ||   234
